 Dungeon Crawl Stone Soup version 0.32-a0-516-g94ed278cf8 (webtiles) character file.

Game seed: 3390323558381022280

221 GordonOverkill the Chopper (level 5, -5/41 HPs)
             Began as a Coglin Delver on Feb 27, 2024.
             Slain by a black bear (7 damage)
             ... on level 4 of the Dungeon.
             The game lasted 00:04:28 (2693 turns).

GordonOverkill the Chopper (Coglin Delver)          Turns: 2693, Time: 00:04:28

Health: -5/41      AC:  6    Str: 15    XL:     5   Next: 98%
Magic:  5/5        EV: 11    Int:  9    God:
Gold:   186        SH:  0    Dex: 15    Spells: 4/4 levels left

rFire   . . .        a - +0 hand axe {Hua}
rCold   . . .        n - +0 hand axe {Agathocles}
rNeg    . . .        i - +0 ring mail
rPois   .            (no helmet)
rElec   .            (no cloak)
rCorr   .            k - +0 pair of gloves
SInv    .            (no boots)
Will    .....        (no amulet)
Stlth   ++           (ring unavailable)
HPRegen 0.26/turn    (ring unavailable)
MPRegen 0.09/turn

%: no passive effects
@: revved
A: off-hand wielding, slow wielding, warmup strikes, no rings
a: no special abilities


You were on level 4 of the Dungeon.
You visited 1 branch of the dungeon, and saw 6 of its levels.

You collected 186 gold pieces.

Inventory:

Hand Weapons
 a - a +0 hand axe (weapon) {Hua}
 n - a +0 hand axe (offhand) {Agathocles}
Missiles
 t - 3 boomerangs (quivered)
 y - a throwing net
Armour
 i - a +0 ring mail (worn)
 k - a +0 pair of gloves (worn)
Wands
 g - a wand of digging (3)
Scrolls
 c - a scroll of fog
 d - a scroll of revelation
 e - a scroll of fear
 h - a scroll of noise {unknown}
 j - 3 scrolls of teleportation
 m - a scroll of immolation
 p - a scroll of blinking {unknown}
 r - a scroll of enchant weapon {unknown}
 s - a scroll of brand weapon {unknown}
 w - a scroll of poison {unknown}
 x - a scroll of identify
Potions
 b - a potion of magic
 f - 3 potions of haste
 l - 2 potions of enlightenment {unknown}
 o - a potion of berserk rage
 q - a potion of lignification {unknown}
 u - a potion of brilliance {unknown}
 v - 2 potions of curing {unknown}
 z - 2 potions of ambrosia {unknown}


   Skills:
 + Level 3.1 Fighting
 - Level 6.0 Axes
 - Level 1.7 Dodging
 - Level 4.1 Stealth


You had 4 spell levels left.
You didn't know any spells.
Your spell library contained the following spells:

 Spells                   Type           Power      Damage    Failure   Level
 Magic Dart               Conj           0%         1d3       63%         1
 Call Imp                 Summ           0%         N/A       77%         2
 Searing Ray              Conj           0%         2d4       77%         2
 Sublimation of Blood     Necr           0%         N/A       77%         2
 Fulminant Prism          Conj/Alch      0%         3d5       100%        4
 Summon Hydra             Summ           0%         N/A       100%        7


Dungeon Overview and Level Annotations

Branches:
Dungeon (6/15)
 Temple: D:4-7

Altars:
Cheibriados
Hepliaklqana


Innate Abilities, Weirdness & Mutations

You can wield a second weapon in your off-hand.
It takes a long time for you to wield or remove held weapons.
Your first few attacks do less damage.
Your grasper-arms cannot wear rings.


Message History

The black bear closely misses you.
You hit the black bear with your +0 hand axe.
The black bear is severely wounded.
You slash the black bear with your +0 hand axe!
The black bear goes berserk!
You hit the black bear but do no damage.
The black bear is almost dead.
You hit the black bear but do no damage.
The black bear barely misses you. The black bear closely misses you.
The black bear claws you but does no damage.
You barely miss the black bear with your +0 hand axe.
The black bear is almost dead.
You hit the black bear with your +0 hand axe.
The black bear bites you.
* * * LOW HITPOINT WARNING * * *
The black bear barely misses you. The black bear claws you.
* * * LOW HITPOINT WARNING * * *
The black bear bites you but does no damage.
The black bear claws you.
* * * LOW HITPOINT WARNING * * *
The black bear claws you.
* * * LOW HITPOINT WARNING * * *
You hit the black bear but do no damage.
The black bear is almost dead.
You barely miss the black bear with your +0 hand axe.
The black bear bites you but does no damage.
The black bear claws you.
* * * LOW HITPOINT WARNING * * *
The black bear claws you.
* * * LOW HITPOINT WARNING * * *
You barely miss the black bear with your +0 hand axe.
The black bear is almost dead.
You hit the black bear with your +0 hand axe.
The black bear bites you but does no damage.
The black bear claws you.
* * * LOW HITPOINT WARNING * * *
The black bear claws you.
* * * LOW HITPOINT WARNING * * *
The black bear bites you!
You die...

###### #....#
#..########
#..'.......
#..#.......
#..##......
#..########
#.<..#########
#...@h..[(.#.#
#######.#.†..#
#.#.#.........
#...##........
###.##........
.>..........
#...........
#..##.....##
#. ....##


You could see a black bear (berserk).

Vanquished Creatures
  A hound (D:4)
  3 bombardier beetles (D:3)
  2 adders
  A gnoll (D:3)
  4 dart slugs
  2 ribbon worms
  4 ball pythons
  4 endoplasms
  5 giant cockroaches
  A hobgoblin (D:1)
  2 jackals (D:2)
  5 kobolds
  2 quokkas (D:1)
  10 bats
  A frilled lizard (D:3)
  8 rats
55 creatures vanquished.

Notes
Turn   | Place    | Note
-------+----------+-------------------------------------------
     0 | D:5      | GordonOverkill the Coglin Delver began the quest for the
                  | Orb.
     0 | D:5      | Reached XP level 1. HP: 18/18 MP: 1/1
    23 | D:6      | Noticed a scorpion
    27 | D:5      | Noticed a sleepcap
    85 | D:4      | Found a hazy altar of Hepliaklqana.
    85 | D:4      | Found a snail-covered altar of Cheibriados.
   149 | D:1      | Reached XP level 2. HP: 23/24 MP: 2/2
   229 | D:1      | Reached skill level 3 in Axes
   530 | D:1      | Reached XP level 3. HP: 29/29 MP: 3/3
  1127 | D:2      | Reached skill level 4 in Axes
  1607 | D:3      | Reached XP level 4. HP: 35/35 MP: 4/4
  2166 | D:3      | Reached skill level 5 in Axes
  2166 | D:3      | Reached XP level 5. HP: 40/41 MP: 5/5
  2669 | D:4      | Noticed a black bear
  2681 | D:4      | Reached skill level 6 in Axes
  2693 | D:4      | HP: 2/41 [black bear (1)]
  2693 | D:4      | Slain by a black bear

Illustrated notes

Levels and vault maps discovered:
D:1:      onia_arrival_mini_maze, layout_rooms
D:2:      minmay_alternating_diamond, layout_loops_ring, minmay_distorted
D:3:      layout_loops_cross
D:4:      layout_rooms, jmf_multi_god_temple, grunt_gozag_statues,
          serial_library_hellmonk_hallway_a
D:5:      layout_rooms, serial_shops, shop, shop_scrolls, shop,
          nicolae_shop_window_shopping, uniq_pikel
D:6:      layout_rooms, chequers_serial_rivers_micro_a,
          nicolae_nh_oracle_at_delphi

Skill      XL: |  1  2  3  4  5 |
---------------+----------------+-----
Axes           | 3 4 5 6 |  6.0
Fighting       | |  3.1
Dodging        | |  1.7
Stealth        | |  4.1

Action                     |  1- 3 |  4- 6 || total
---------------------------+-------+-------++-------
  Melee: Hand axe          |   113 |   123 ||   236
         Flail             |    23 |       ||    23
  Throw: Boomerang         |       |     1 ||     1
    Use: Scroll            |       |     5 ||     5
   Stab: Sleeping          |     8 |     5 ||    13
 Armour: Leather armour    |    27 |       ||    27
         Ring mail         |    17 |    58 ||    75
  Dodge: Dodged            |    49 |    42 ||    91
         Repelled          |     1 |       ||     1

Table legend: (Time is in decaauts)
 A = Elapsed time spent in this place.
 B = Non-inter-level travel time spent in this place.
 C = Inter-level travel time spent in this place.
 D = Time resting spent in this place.
 E = Time spent auto-exploring this place.
 F = Levels seen in this place.
 G = Mean time per level.
                   A        B        C        D        E       F      G
               +--------+--------+--------+--------+--------+-----+--------+
         Total |   2709 |   2532 |    177 |    433 |   1385 |   6 |  451.5 |
       Dungeon |   2709 |   2532 |    177 |    433 |   1385 |   6 |  451.5 |
               +--------+--------+--------+--------+--------+-----+--------+

Top non-repeatable levels by time:
     D:2: 1071 daAuts
     D:3: 866 daAuts
     D:1: 607 daAuts
     D:4: 118 daAuts
     D:5: 41 daAuts
     D:6: 3 daAuts
